 Dungeon Crawl Stone Soup version 0.27-a0-1513-g2aaa0cc67b (webtiles) character file.

Game seed: 17654278718847634534

67 Spaninq the Magician (level 4, -4/32 HPs)
             Began as a Djinni Fire Elementalist on July 9, 2021.
             Killed by divine providence
             ... invoked by an orc priest
              (15 damage)
             ... on level 3 of the Dungeon.
             The game lasted 00:06:12 (2293 turns).

Spaninq the Magician (Djinni Fire Elementalist)     Turns: 2293, Time: 00:06:12

Health: -4/32      AC:  3    Str:  7    XL:     4   Next: 38%
Gold:   212        EV: 12    Int: 18    God:
                   SH:  0    Dex: 13

rFire    + + .     SeeInvis .   k - +3 whip (flame)
rCold    x . .     Faith    .   (no shield)
rNeg     . . .     Spirit   .   a - +0 robe
rPois    ∞         Reflect  .   e - +0 helmet
rElec    .         Harm     .   (no cloak)
rCorr    .         Rampage  .   (no gloves)
Will     .....                  (boots unavailable)
Stlth    ++........             (no amulet)
HPRegen  0.10/turn              (no ring)
MPRegen  0.00/turn              (no ring)

@: flying
A: sickness immunity, fire resistance 2, cold vulnerability 1, float, innate
caster, hp casting, extra vitality 1
a: no special abilities


You were on level 3 of the Dungeon.
You visited 1 branch of the dungeon, and saw 3 of its levels.

You collected 212 gold pieces.

Inventory:

Hand Weapons
 k - a +3 whip of flaming (weapon)
Missiles
 d - 62 stones
Armour
 a - a +0 robe (worn)
 e - a +0 helmet (worn)
Scrolls
 f - a scroll of enchant weapon {unknown}
 g - 2 scrolls of magic mapping {unknown}
 i - a scroll of identify {unknown}
 j - 3 scrolls of teleportation {unknown}
 l - a scroll of noise {unknown}
 m - a scroll of amnesia {unknown}
 o - a scroll of fear {unknown}
Potions
 b - 4 potions of curing {unknown}
 c - 2 potions of heal wounds {unknown}
 h - a potion of brilliance {unknown}
 n - 2 potions of ambrosia {unknown}


   Skills:
 + Level 1.4 Fighting
 - Level 2.2 Dodging
 - Level 1.6 Stealth
 * Level 3.5 Spellcasting


You couldn't memorise any spells.
You knew the following spells:

 Your Spells              Type           Power      Damage    Failure   Level
a - Foxfire               Conj/Fire      60%        2x1d7     3%          1
b - Conjure Flame         Conj/Fire      15%        6-21      11%         3
c - Inner Flame           Hex/Fire       15%        N/A       11%         3
d - Sticky Flame          Conj/Fire      15%        2d4       36%         4
e - Fireball              Conj/Fire      7%         3d5       71%         5
f - Apportation           Tloc           30%        N/A       3%          1
Your spell library was empty.

Dungeon Overview and Level Annotations

Branches:
Dungeon (3/15)

Altars:


Innate Abilities, Weirdness & Mutations

You are immune to sickness and miasma.
You are immune to poison.
Your flesh is very heat resistant. (rF++)
You are vulnerable to cold. (rC-)
You float through the air rather than walking.
You learn spells naturally, not from books.
Your magical power is your life essence.
You have superior vitality. (+4 HP)


Message History

You conjure some foxfire!
Casting: Foxfire (safe; 3% risk of failure)
Confirm with . or Enter, or press ? or * to list all spells.
You conjure some foxfire!
The foxfire hits something.
The foxfire hits something but does no damage.
You hear some strange, mumbled words.
Something tries to affect you, but you resist.
The foxfire hits the orc priest but does no damage.
Casting: Foxfire (safe; 3% risk of failure)
Confirm with . or Enter, or press ? or * to list all spells.
You conjure some foxfire!
The foxfire hits something.
You hear some strange, mumbled words.
A magic dart appears from out of thin air!
The magic dart hits you.
Casting: Foxfire (safe; 3% risk of failure)
Confirm with . or Enter, or press ? or * to list all spells.
You conjure some foxfire!
The foxfire hits the giant cockroach.
The giant cockroach is almost dead.
The foxfire hits the giant cockroach but does no damage.
The giant cockroach is almost dead.
Something hits you.
Casting: Foxfire (safe; 3% risk of failure)
Confirm with . or Enter, or press ? or * to list all spells.
You conjure some foxfire!
The foxfire hits something but does no damage.
The foxfire hits something.
Something hits you.
The giant cockroach bites you but does no damage.
The orc priest hits you with a +0 club.
You hit the orc priest but do no damage.
The foxfire hits the orc priest but does no damage.
The foxfire hits something.
The giant cockroach closely misses you. Something hits you.
The orc priest looks encouraged for a moment.
The giant cockroach barely misses you. Something hits you but does no damage.
Casting: Foxfire (safe; 3% risk of failure)
Confirm with . or Enter, or press ? or * to list all spells.
You conjure some foxfire!
The orc priest invokes the aid of Beogh against you.
Beogh smites you!
You die...

#......)....# #.#
#.##........### #.#
...#####.).....###.#
.............#..#..#
.#######.....##...##
. #.....######
#...o.#######
####B.##vv§.#
......#..#{@).#
#####>...†Boo.#
######o...# ######


You could see an orc priest, 2 orcs and a giant cockroach.

Vanquished Creatures
  A gnoll (D:1)
  An adder (D:2)
  3 orcs
  5 ball pythons
  3 bats
  6 endoplasms
  2 giant cockroaches
  3 goblins
  4 hobgoblins
  5 frilled lizards
  4 kobolds
  7 rats
44 creatures vanquished.

Vanquished Creatures (others)
  120 foxfires
  6 plants (D:2)
  13 withered plants (D:2)
139 creatures vanquished.

Grand Total: 183 creatures vanquished

Notes
Turn   | Place    | Note
-------+----------+-------------------------------------------
     0 | D:1      | Spaninq the Djinni Fire Elementalist began the quest for
                  | the Orb.
     0 | D:1      | Reached XP level 1. HP: 15/15 MP: 0/0
    93 | D:1      | Reached XP level 2. HP: 7/21 MP: 0/0
   541 | D:1      | Reached skill level 3 in Spellcasting
   541 | D:1      | Reached XP level 3. HP: 18/26 MP: 0/0
   541 | D:1      | Learned a level 1 spell: Apportation
   900 | D:1      | Reached skill level 1 in Fighting
  1713 | D:2      | Found a faded altar of an unknown god.
  1716 | D:2      | Reached XP level 4. HP: 31/32 MP: 0/0
  2293 | D:3      | Killed from afar by an orc priest

Illustrated notes

Levels and vault maps discovered:
D:1:      psy_arrival_dodecagon, layout_rooms, serial_glass, glass_columns_b,
          glass_columns_a, glass_columns_b, glass_columns_b, glass_columns_c,
          glass_columns_b, glass_columns_c, glass_columns_c, glass_columns_b,
          glass_columns_a, feat_on_display, minmay_strange_pillars,
          due_unseen_surprise, feat_on_display, grunt_decor_one_mirror,
          minmay_pentomino_r4
D:2:      layout_loops_ring, shapermc_ecumenical_altar_flowoftime,
          serial_bayou_ford_a, grunt_decor_mini_mirrors,
          guppyfry_early_lair_pool
D:3:      layout_rooms, minmay_cupped

Skill      XL: |  1  2  3 |
---------------+----------+-----
Spellcasting   | 3 |  3.5
Fighting       | 1 |  1.4
Dodging        | |  2.2
Stealth        | |  1.6

Action                   |  1- 3 |  4- 6 || total
-------------------------+-------+-------++-------
Melee: Whip              |     2 |     6 ||     8
 Cast: Foxfire           |    54 |    20 ||    74
Armor: Robe              |     2 |     5 ||     7
Dodge: Dodged            |     5 |     9 ||    14

Table legend: (Time is in decaauts)
 A = Elapsed time spent in this place.
 B = Non-inter-level travel time spent in this place.
 C = Inter-level travel time spent in this place.
 D = Time resting spent in this place.
 E = Time spent auto-exploring this place.
 F = Levels seen in this place.
 G = Mean time per level.
                   A        B        C        D        E       F      G
               +--------+--------+--------+--------+--------+-----+--------+
         Total |   2294 |   2186 |    108 |    194 |   1649 |   3 |  764.7 |
       Dungeon |   2294 |   2186 |    108 |    194 |   1649 |   3 |  764.7 |
               +--------+--------+--------+--------+--------+-----+--------+

Top non-repeatable levels by time:
     D:1: 1121 daAuts
     D:2: 961 daAuts
     D:3: 211 daAuts
